Map: Tokamak LE

Players

qwerty

  • Race: Protoss Protoss
  • League: Master
  • Spawn Location: 1:00

WiseGuy - Winner!

  • Race: Zerg Zerg
  • League: Master
  • Spawn Location: 7:00

VOD

Have the link to the VOD?

Description

Time

  • Played on: Sept. 27, 2025, 3:11 p.m.
  • Length: 14:43
Show
View Real Time Build Order
Export as new Build Order

qwerty Protoss 

Build Orders: 1 Gate Expand, Oracle Opening 

Get SALT Encoding   

  12  0:00  Probe  
  13  0:12  Probe  
  14  0:19  Pylon  
  14  0:24  Probe  
  15  0:36  Probe  
  16  0:43  Gateway  
  16  0:45  Probe  
  16  0:47  Assimilator  
  17  0:53  Probe  
  18  1:05  Probe  
  20  1:24  Nexus  
  19  1:31  Cybernetics Core  
  19  1:33  Probe  
  19  1:39  Assimilator  
  20  1:47  Pylon  
  20  1:49  Probe  
  21  2:00  Adept  
  21  2:02  Probe  
  22  2:14  Probe  
  22  2:15  Stargate  
  25  2:20  Adept  
  25  2:26  Probe  
  26  2:36  Probe, Pylon  
  29  2:38  Probe  
  29  2:43  Adept  
  30  2:48  Probe  
  30  2:50  Probe  
  34  3:00  Probe  
  34  3:02  Probe  
  34  3:04  Oracle  
  39  3:16  Probe x2  
  43  3:26  Stalker  
  43  3:28  Probe x2  
  43  3:31  Oracle  
  41  3:37  Assimilator  
  41  3:39  Warp Gate  
  41  3:40  Probe  
  45  3:41  Pylon  
  45  3:44  Gateway  
  45  3:52  Stalker  
  45  3:55  Probe  
  46  3:58  Gateway, Probe  
  49  4:07  Probe  
  50  4:10  Probe  
  46  4:25  Probe x2  
  46  4:37  Probe  
  46  4:38  Probe, Stalker  
  48  4:39  Robotics Facility  
  48  4:40  Oracle  
  53  4:50  Probe x2  
  55  4:53  Nexus  
  55  4:54  Pylon  
  55  4:55  Assimilator  
  55  5:02  Probe  
  55  5:04  Probe  
  57  5:12  Oracle  
  57  5:14  Probe  
  58  5:16  Probe  
  58  5:17  Gateway, Twilight Council  
  58  5:20  Pylon  
  62  5:26  Probe  
  62  5:27  Stalker  
  65  5:29  Adept x2  
  65  5:31  Probe  
  70  5:39  Probe  
  74  5:50  Oracle  
  74  6:01  Probe x2  
  74  6:03  Adept  
  78  6:13  Probe x2  
  78  6:16  Probe  
  81  6:22  Pylon  
  81  6:23  Pylon  
  81  6:24  Blink, Observer  
  81  6:25  Probe x2  
  84  6:27  Oracle  
  84  6:28  Probe  
  88  6:33  Gateway, Stalker  
  88  6:34  Gateway  
  88  6:35  Stalker  
  88  6:37  Probe  
  93  6:40  Probe x2  
  93  6:44  Stalker  
  93  6:46  Stalker  
  99  6:49  Probe  
  99  6:52  Probe x2  
  102  7:00  Templar Archives  
  102  7:01  Probe  
  102  7:02  Forge  
  102  7:03  Gateway  
  102  7:04  Probe x2  
  102  7:05  Assimilator  
  105  7:09  Assimilator  
  105  7:13  Stalker x2  
  109  7:26  Pylon  
  109  7:27  Pylon  
  109  7:32  Pylon  
  109  7:33  Pylon  
  109  7:34  Robotics Facility  
  109  7:38  Protoss Ground Weapons Level 1  
  109  7:44  Immortal  
  113  7:58  Probe  
  113  7:59  Probe x2  
  114  8:08  Adept x3  
  114  8:09  Adept x3  
  114  8:16  Adept  
  114  8:19  Pylon  
  112  8:20  Pylon  
  112  8:21  Pylon  
  110  8:30  Probe x2  
  110  8:31  Immortal  
  114  8:36  Cybernetics Core  
  114  8:38  Pylon  
  114  8:43  Probe  
  114  8:44  Probe  
  114  8:45  Photon Cannon  
  114  8:47  Psionic Storm  
  116  8:51  High Templar x5  
  116  8:52  Zealot x2  
  116  8:54  Charge, Nexus  
  130  8:56  Assimilator, Pylon  
  130  9:00  Probe x3  
  133  9:10  Immortal, Gateway  
  133  9:11  Gateway  
  133  9:12  Gateway, Probe x2  
  133  9:14  Observer  
  140  9:17  Stalker x2  
  144  9:27  Stalker  
  144  9:28  Pylon  
  144  9:30  Gateway  
  146  9:32  Immortal  
  146  9:34  Probe  
  151  9:42  Stalker x3  
  157  9:48  Photon Cannon, Pylon  
  157  9:49  Pylon  
  157  9:54  Stalker  
  157  9:59  Adept x3  
  165  10:07  Protoss Ground Weapons Level 2  
  165  10:19  High Templar x4  
  165  10:20  Zealot x4  
  143  10:50  Adept x7  
  143  10:51  Zealot x2  
  143  10:52  Zealot x2  
  143  10:53  Immortal x2  
  173  11:00  Resonating Glaives  
  158  11:13  Adept x6  
  150  11:31  Adept  
  139  11:39  Adept x10  
  141  11:41  Immortal x2  
  149  11:51  Assimilator  
  149  11:56  Adept  
  151  12:03  Gateway  
  151  12:05  Assimilator  
  151  12:06  Gateway  
  149  12:11  High Templar x7  
  149  12:12  Zealot x2  
  137  12:25  Adept  
Show
View Real Time Build Order
Export as new Build Order

WiseGuy Zerg - Winner!

Build Orders: Hatch First, Lurkers 

Get SALT Encoding   

  12  0:00  Drone  
  13  0:12  Overlord  
  13  0:16  Drone  
  14  0:30  Drone x2  
  16  0:46  Hatchery  
  16  0:49  Drone  
  16  0:52  Drone  
  17  1:07  Spawning Pool  
  17  1:10  Drone  
  17  1:11  Extractor  
  17  1:14  Drone  
  17  1:17  Drone  
  18  1:28  Drone  
  19  1:38  Drone  
  20  1:49  Drone  
  20  1:51  Extractor  
  20  1:53  Queen  
  22  1:57  Queen  
  22  1:58  Zergling x2  
  26  2:01  Overlord  
  26  2:09  Zergling x2  
  26  2:10  Drone  
  28  2:15  Roach Warren  
  28  2:19  Drone  
  28  2:25  Drone  
  29  2:30  Burrow  
  29  2:33  Drone  
  29  2:34  Drone  
  31  2:41  Drone  
  31  2:43  Overlord  
  32  2:53  Overlord  
  32  2:58  Roach  
  34  3:04  Roach  
  34  3:05  Roach x3  
  42  3:08  Drone  
  43  3:14  Drone x3  
  45  3:25  Hatchery  
  43  3:36  Overlord  
  43  3:37  Drone x3  
  43  3:38  Drone  
  43  3:39  Drone  
  43  3:41  Drone  
  49  3:47  Drone x2  
  49  3:48  Drone  
  52  3:54  Spore Crawler  
  52  3:55  Spore Crawler  
  50  3:57  Drone x2  
  52  4:03  Spore Crawler, Drone  
  52  4:04  Roach x2  
  52  4:05  Metabolic Boost, Roach x2  
  52  4:06  Drone  
  51  4:19  Drone x2  
  51  4:20  Drone  
  51  4:23  Drone x3  
  49  4:31  Drone x3  
  49  4:35  Queen x2  
  56  4:39  Spore Crawler  
  56  4:42  Spore Crawler  
  54  4:46  Spore Crawler  
  54  4:47  Queen  
  55  4:54  Evolution Chamber  
  55  4:56  Drone x2  
  55  4:58  Drone  
  57  5:03  Drone  
  57  5:04  Drone x4  
  57  5:07  Overlord  
  62  5:19  Hatchery  
  62  5:20  Queen  
  62  5:21  Zergling x4  
  62  5:22  Zergling x4  
  62  5:23  Zerg Melee Weapons Level 1  
  62  5:26  Extractor  
  62  5:28  Lair  
  64  5:35  Hatchery  
  63  5:40  Drone  
  64  5:45  Queen  
  64  5:46  Hatchery, Queen  
  65  5:54  Spore Crawler  
  64  6:00  Zergling x10  
  64  6:01  Zergling x2  
  68  6:18  Drone x3  
  68  6:21  Drone, Queen x2  
  68  6:23  Overlord x2  
  68  6:24  Overlord x2  
  74  6:40  Drone x2  
  74  6:41  Extractor, Hydralisk Den, Drone x2  
  74  6:44  Drone x2  
  74  6:46  Drone  
  79  6:50  Drone x2  
  79  6:51  Overlord x3  
  79  6:52  Zergling x22  
  92  6:55  Glial Reconstitution  
  92  7:04  Zergling x20  
  102  7:10  Extractor, Baneling Nest  
  102  7:13  Queen, Drone x3  
  103  7:16  Muscular Augments  
  103  7:18  Drone x3  
  103  7:20  Extractor, Drone x2  
  107  7:24  Drone x5  
  107  7:25  Drone  
  107  7:27  Drone x2  
  115  7:33  Zerg Missile Weapons Level 1  
  115  7:38  Drone x3  
  115  7:39  Drone x2  
  115  7:42  Drone  
  115  7:43  Drone x3  
  121  7:44  Extractor  
  119  7:53  Queen x3  
  119  7:54  Queen  
  125  8:02  Baneling Nest  
  110  8:22  Drone  
  110  8:23  Drone x7  
  110  8:24  Drone x5  
  110  8:25  Overlord, Drone  
  122  8:27  Grooved Spines  
  112  8:38  Hydralisk  
  112  8:39  Hydralisk x14, Spine Crawler  
  141  8:48  Centrifugal Hooks  
  141  8:52  Evolution Chamber  
  141  8:53  Evolution Chamber  
  139  8:56  Overseer  
  139  8:58  Pneumatized Carapace  
  139  8:59  Zergling x16  
  139  9:00  Zergling x2  
  148  9:06  Hatchery  
  148  9:08  Extractor  
  146  9:10  Overlord  
  146  9:11  Overlord x2  
  146  9:21  Hatchery  
  146  9:22  Zerg Melee Weapons Level 2  
  146  9:23  Zerg Ground Armor Level 1  
  145  9:26  Zerg Missile Weapons Level 2  
  145  9:27  Overlord x2  
  145  9:28  Overlord x5  
  145  9:48  Hatchery  
  144  9:54  Hydralisk x11  
  144  9:55  Zergling x2  
  144  9:56  Zergling x14  
  144  9:57  Zergling x2  
  175  10:09  Baneling  
  175  10:10  Baneling x11  
  175  10:11  Baneling  
  175  10:12  Baneling  
  160  10:36  Overseer  
  154  10:55  Zergling x38  
  154  10:56  Zergling x52  
  199  11:03  Infestation Pit  
  198  11:04  Lurker Den, Overseer  
  198  11:05  Extractor  
  144  11:40  Zergling x2, Hydralisk x8  
  144  11:41  Zergling x44  
  144  11:42  Hive  
  144  11:43  Queen  
  185  11:52  Extractor  
  185  11:54  Infestor x5  
  178  11:59  Zergling x22  
  177  12:56  Lurker x15  
  177  13:04  Hydralisk x12  
  177  13:08  Extractor  
  177  13:24  Extractor, Seismic Spines  
  177  13:28  Extractor  
  177  14:04  Extractor  
Tags
 
Add a new tag
Caveats
  • Supply blocks, unpowered buildings, or Contaminate may cause inaccurate times.
  • Supply counts are checked every 10 seconds.